 Dungeon Crawl Stone Soup version 0.26.1-11-gd32895ea62 (webtiles) character file.

Game seed: 17288177142714793934

1146 Gerhazo the Destroyer (level 8, 0/41 HPs)
             Began as a Deep Elf Conjurer on May 30, 2021.
             Killed from afar by Maggie (26 damage)
             ... with a bolt of fire
             ... on level 6 of the Dungeon.
             The game lasted 00:06:08 (3878 turns).

Gerhazo the Destroyer (Deep Elf Conjurer)           Turns: 3878, Time: 00:06:09

Health: 0/41       AC:  2    Str:  4    XL:     8   Next: 15%
Magic:  3/21       EV: 13    Int: 32    God:
Gold:   268        SH:  0    Dex: 13    Spells: 19/22 levels left

rFire    . . .     SeeInvis .   c - +0 short sword
rCold    . . .     Faith    .   (no shield)
rNeg     + . .     Spirit   .   a - +0 robe
rPois    .         Reflect  .   (no helmet)
rElec    .         Harm     .   (no cloak)
rCorr    .         Rampage  .   (no gloves)
Will     .....                  (no boots)
Stlth    ++........             (no amulet)
HPRegen  0.13/turn              j - ring of positive energy (curse)
MPRegen  0.17/turn              p - +6 ring of intelligence

@: mesmerised
A: no striking features
a: no special abilities


You were on level 6 of the Dungeon.
You visited 2 branches of the dungeon, and saw 7 of its levels.

You collected 268 gold pieces.

Inventory:

Hand Weapons
 c - a +0 short sword (weapon)
Armour
 a - a +0 robe (worn)
Jewellery
 j - a cursed ring of positive energy (left hand)
 p - a +6 ring of intelligence (right hand)
Wands
 m - a wand of flame (20)
 r - a wand of disintegration (12)
 t - a wand of enslavement (7)
Scrolls
 b - 5 scrolls of remove curse {unknown}
 e - 2 scrolls of immolation {unknown}
 g - 4 scrolls of identify {unknown}
 i - 2 scrolls of magic mapping {unknown}
 l - a scroll of random uselessness {unknown}
 n - 2 scrolls of blinking {unknown}
 s - 3 scrolls of amnesia {unknown}
Potions
 d - 2 potions of heal wounds {unknown}
 f - 2 potions of degeneration {unknown}
 h - 2 potions of curing {unknown}
 k - a potion of mutation {unknown}
 o - 2 potions of magic {unknown}
 q - a potion of lignification {unknown}
 u - 2 potions of invisibility {unknown}


   Skills:
 - Level 2.4 Dodging
 - Level 2.4 Stealth
 + Level 7.8 Spellcasting
 * Level 9.7 Conjurations


You had 19 spell levels left.
You knew the following spells:

 Your Spells              Type           Power        Failure   Level
a - Magic Dart            Conj           100%         1%          1
b - Searing Ray           Conj           100%         1%          2

Your spell library contained the following spells:

 Spells                   Type           Power        Failure   Level
 Dazzling Flash           Conj/Hex       86%          1%          3
 Animate Skeleton         Necr           24%          3%          1
 Pain                     Necr           48%          3%          1
 Fulminant Prism          Conj/Hex       21%          4%          4
 Iskenderun's Mystic Bla  Conj/Tloc      43%          4%          4
 Vampiric Draining        Necr           6%           12%         3
 Animate Dead             Necr           6%           36%         4
 Agony                    Necr           12%          71%         5


Dungeon Overview and Level Annotations

Branches:
Dungeon (6/15)             Temple (1/1) D:5

Altars:
Cheibriados
Dithmenos
Kikubaaqudgha
Sif Muna
Trog
Uskayaw
Wu Jian
Yredelemnul
Zin

Annotations:
D:6 Maggie


Message History

Maggie is moderately wounded.
The searing ray hits Maggie!
Maggie is moderately wounded.
You finish channeling your searing ray.
The ice beast hits you but does no damage.
Casting: Searing Ray (safe; 1% risk of failure)
Confirm with . or Enter, or press ? or * to list all spells.
Aiming: Searing Ray (safe; 1% risk of failure)
Press: ? - help, Shift-Dir - straight line The searing ray hits Maggie!
Maggie is heavily wounded. (Press . to maintain the ray.)
The ice beast hits you. The ice beast freezes you!
Unknown command.
The searing ray hits Maggie!
Maggie is severely wounded.
Maggie points at you and mumbles some strange words.
The bolt of fire hits you!!
Ouch! That really hurt!
You die...

+.....#....#
#.....#....#....#
#.....#....#>...#
#...<.#....#....###
#.....#....#......#
#.....'....#......#
#.....#....#......#
#...†.#....+......+
#.....#....#....@@#
#.....#....##†###Y).....
#.....#.........#J......
#.....#...#########)####
#.....#...# !)#
#.....#...# ... #...#
..# #...# ... #...#


You could see Maggie (mesmerising), an ice beast and a jelly.

Vanquished Creatures
  A sky beast (D:5)
  2 ogres (D:4)
  2 ice beasts (D:6)
  A phantom (D:6)
  A water moccasin zombie (D:5)
  2 scorpions (D:5)
  A jelly (D:5)
  3 orc priests
  A bullfrog skeleton (D:4)
  2 worker ants
  4 orc wizards
  2 hound skeletons
  2 worker ant zombies (D:5)
  A howler monkey skeleton (D:4)
  2 adders
  A shadow imp (D:5)
  A worm (D:2)
  The ghost of MatrixGlitch the Sneak, a weakling HODe (D:5)
  A dart slug (D:2)
  2 leopard geckos
  13 orcs
  4 giant cockroaches
  6 goblins
  4 hobgoblins
  2 kobolds (D:1)
  4 quokkas
  A ball python (D:1)
  A bat (D:1)
  2 frilled lizards (D:2)
  A quokka skeleton (D:5)
  4 rats
75 creatures vanquished.

Notes
Turn   | Place    | Note
-------+----------+-------------------------------------------
     0 | D:1      | Gerhazo the Deep Elf Conjurer began the quest for the Orb.
     0 | D:1      | Reached XP level 1. HP: 10/10 MP: 6/6
   145 | D:1      | Reached XP level 2. HP: 15/15 MP: 5/8
   520 | D:1      | Reached skill level 5 in Conjurations
   669 | D:1      | Learned a level 2 spell: Searing Ray
   824 | D:2      | Reached XP level 3. HP: 5/19 MP: 2/10
  1197 | D:4      | Noticed an ogre
  1201 | D:4      | Killed an ogre
  1202 | D:4      | Reached skill level 6 in Conjurations
  1202 | D:4      | Reached XP level 4. HP: 24/24 MP: 6/12
  1202 | D:4      | Reached XP level 5. HP: 28/28 MP: 6/13
  1502 | D:4      | Reached skill level 5 in Spellcasting
  1792 | D:4      | Reached skill level 7 in Conjurations
  1792 | D:4      | Reached XP level 6. HP: 32/32 MP: 10/16
  2182 | D:5      | Entered Level 5 of the Dungeon
  2483 | D:5      | Reached skill level 8 in Conjurations
  2483 | D:5      | Reached XP level 7. HP: 22/36 MP: 10/18
  2989 | D:5      | Found a transporter.
  2989 | D:5      | Noticed MatrixGlitch's ghost (weakling HODe)
  2994 | D:5      | Found a transporter.
  3005 | D:5      | Killed MatrixGlitch's ghost
  3231 | D:5      | Reached skill level 9 in Conjurations
  3529 | D:5      | Found a staircase to the Ecumenical Temple.
  3544 | Temple   | Entered the Ecumenical Temple
  3863 | D:6      | Reached XP level 8. HP: 41/41 MP: 16/21
  3870 | D:6      | Noticed Maggie
  3878 | D:6      | Killed from afar by Maggie

Illustrated notes

Levels and vault maps discovered:
D:1:      wheals_arrival_shading, layout_rooms
D:2:      layout_basic, marbit_many_paths, kennysheep_generic_room_16,
          uniq_sigmund
D:3:      layout_rooms, nicolae_overflow_hidden_temple,
          nicolae_gozag_cash_rules_everything_around_me, fiery_altar_vehumet
D:4:      layout_rooms
D:5:      layout_cave_pods, minmay_temple_entry_grid, gammafunk_ghost_mausoleum
D:6:      minmay_opposing_rooms, layout_gridville, grunt_qazlal_clouds,
          uniq_eustachio, uniq_maggie
Temple:   kb_temple_of_zot

Skill      XL: |  1  2  3  4  5  6  7 |
---------------+----------------------+-----
Conjurations   | 5 6 7 8 9 |  9.7
Spellcasting   | 4 5 6 7 |  7.8
Dodging        | |  2.4
Stealth        | |  2.4

Action                   |  1- 3 |  4- 6 |  7- 9 || total
-------------------------+-------+-------+-------++-------
Melee: Unarmed           |     7 |       |       ||     7
       Short sword       |     6 |     2 |     1 ||     9
 Cast: Magic Dart        |    23 |       |       ||    23
       Searing Ray       |    11 |    23 |    25 ||    59
Armor: Robe              |     1 |     1 |     4 ||     6
Dodge: Dodged            |    18 |    14 |    13 ||    45
